 Dungeon Crawl Stone Soup version 0.18.1-50-g88ac8fd (webtiles) character file.

109 Peloso the Shield-Bearer (level 4, -2/41 HPs)
             Began as a Minotaur Fighter on Oct 7, 2016.
             Slain by Blork the orc
             ... wielding a +0 battleaxe
              (10 damage)
             ... on level 4 of the Dungeon.
             The game lasted 00:02:59 (1933 turns).

Peloso the Shield-Bearer (Minotaur Fighter)         Turns: 1933, Time: 00:03:00

Health: -2/41      AC:  8    Str: 20    XL:     4   Next: 59%
Magic:  3/3        EV:  8    Int:  5    God:
Gold:   187        SH:  9    Dex: 11    Spells: 0 memorised, 3 levels left

rFire  . . .     SeeInvis .     a - +0 long sword
rCold  . . .     Gourm    .     b - +0 scale mail
rNeg   + . .     Faith    .     c - +0 shield
rPois  .         Spirit   .     (helmet restricted)
rElec  .         Dismiss  .     (no cloak)
rCorr  .         Reflect  .     k - +0 pair of gloves
SustAt .         Harm     .     (no boots)
MR     .....                    (no amulet)
Stlth  ..........               (no ring)
                                e - ring of positive energy

@: not resistant to hostile enchantments, extremely unstealthy
A: retaliatory headbutt, horns 2
a: no special abilities


You were on level 4 of the Dungeon.
You were not hungry.

You visited 1 branch of the dungeon, and saw 4 of its levels.

You collected 187 gold pieces.

Inventory:

Hand Weapons
 a - a +0 long sword (weapon)
Armour
 b - a +0 scale mail (worn)
 c - a +0 shield (worn)
 k - a +0 pair of gloves (worn)
Jewellery
 e - a ring of positive energy (left hand)
Scrolls
 g - 4 scrolls of remove curse {unknown}
 n - a scroll of fog {unknown}
 o - a scroll of recharging {unknown}
Potions
 d - a potion of might
 h - a potion of heal wounds {unknown}
 j - a potion of flight {unknown}
 m - a potion of haste {unknown}
 q - 2 potions of curing {unknown}
Comestibles
 f - 3 bread rations
 i - a meat ration
 l - a fruit
 p - a slice of pizza
 r - a royal jelly


   Skills:
 + Level 4.4 Fighting
 + Level 3.0 Long Blades
 + Level 4.5 Armour
 + Level 0.9 Dodging
 + Level 4.7 Shields


You had 3 spell levels left.
You didn't know any spells.

Dungeon Overview and Level Annotations

Branches:
Dungeon (4/15)
 Temple: D:4-7

Altars:

Annotations:
D:4 Blork the orc


Innate Abilities, Weirdness & Mutations

You reflexively headbutt those who attack you in melee.
You have a pair of horns on your head.


Message History

Blork the orc looks braver for a moment.
Blork the orc hits you but does no damage.
You hit Blork the orc. You headbutt Blork the orc.
Blork the orc is severely wounded.
Blork the orc casts a spell at you. The puff of flame hits you!
You hit Blork the orc.
Blork the orc is severely wounded.
Blork the orc gestures at you while chanting.
The magic dart hits you! The worker ant closely misses you.
You hit Blork the orc.
Blork the orc is almost dead.
You block the worker ant's attack.
Blork the orc hits you with a battleaxe!
* * * LOW HITPOINT WARNING * * *
The worker ant bites you but does no damage.
You hit Blork the orc. Your headbutt misses Blork the orc.
Blork the orc is almost dead.
Blork the orc hits you with a battleaxe!
You die...

. ### #.. ....
##....
.....####......
........o..#
$......@a.#
..........#
..........#
...$.?<...#
...........
............
.....#..#.#..
..#.#.##......


You could see Blork the orc and a worker ant.

Vanquished Creatures
  An orc wizard (D:3)
  An adder (D:3)
  A worm (D:1)
  2 dart slugs
  7 orcs (D:3)
  6 bats
  A giant cockroach (D:2)
  6 goblins
  7 hobgoblins
  8 jackals
  3 quokkas
  A ball python (D:3)
  3 kobolds
  3 rats
50 creatures vanquished.

Notes
Turn   | Place    | Note
--------------------------------------------------------------
     0 | D:1      | Peloso the Minotaur Fighter began the quest for the Orb.
     0 | D:1      | Reached XP level 1. HP: 19/19 MP: 0/0
   247 | D:1      | Reached XP level 2. HP: 27/27 MP: 1/1
   856 | D:2      | Reached XP level 3. HP: 33/33 MP: 2/2
  1583 | D:3      | Reached XP level 4. HP: 25/41 MP: 3/3
  1926 | D:4      | Noticed Blork the orc
  1933 | D:4      | Slain by Blork the orc

Skill      XL: |  1  2  3 |
---------------+----------+-----
Fighting       | 4 |  4.4
Shields        | 4 |  4.7
Armour         | 4 |  4.5
Long Blades    | 3 |  3.0
Dodging        | |  0.9

Action                   |  1- 3 |  4- 6 || total
-------------------------+-------+-------++-------
Melee: Long sword        |    87 |    30 ||   117
       Headbutt          |    11 |     3 ||    14
  Eat: Chunk             |     2 |     1 ||     3
Armor: Scale mail        |    38 |    10 ||    48
Dodge: Dodged            |    17 |    10 ||    27
Block: Shield            |    56 |    14 ||    70
